 Dungeon Crawl Stone Soup version 0.32-a0-705-g60f233581c (webtiles) character file.

Game seed: 8493631594992107980

126018 smashvw the Tortoise (level 16, -3/93 HPs)
             Began as a Vine Stalker Berserker on Mar 14, 2024.
             Was the Champion of Trog.
             Slain by a redback (7 damage)
             ... on level 4 of the Spider Nest.
             The game lasted 01:19:39 (22497 turns).

smashvw the Tortoise (Vine Stalker Berserker)      Turns: 22497, Time: 01:19:40

Health: -3/93      AC: 23    Str: 22 (23) XL:     16   Next: 97%
Magic:  0/26       EV:  9    Int: 10 (11) God:    Trog [******]
Gold:   1189       SH:  7    Dex: 23      Spells: 15/15 levels left

rFire   . . .        j - +6 quick blade of Youthful Indiscretion {holy, rElec Will+ Str+4 Int+6}
rCold   + + .        b - +0 buckler {reflect}
rNeg    . . .        a - +4 plate armour
rPois   +            I - +0 helmet
rElec   +            D - scarf {rC+ rF+}
rCorr   .            F - +1 pair of gloves
SInv    .            (no boots)
Will    +++..        (no amulet) Stlth
                     q - +4 ring of protection
HPRegen 1.15/turn    S - ring "Tatef" {Fly rPois rF- rC+ MP+9}
MPRegen 0.20/turn

%: reflection, guardian spirit
@: about to teleport, corroded, on berserk cooldown, flying, slowed, studying
Shields, very slow
A: fangs 3, regeneration 1, magic shield, antimagic bite, no potion heal 2,
iridescent scales 1, dopey 1
a: Renounce Religion, Berserk, Trog's Hand, Brothers in Arms


You were on level 4 of the Spider Nest.
You worshipped Trog.
Trog was exalted by your worship.
You visited 4 branches of the dungeon, and saw 23 of its levels.
You also visited: Bailey and Ice Cave.

You collected 2497 gold pieces.
You spent 1308 gold pieces at shops.

Inventory:

Hand Weapons
 j - the +6 quick blade of Youthful Indiscretion (weapon) {holy, rElec Will+ Str+4 Int+6}
   (You acquired it on level 2 of the Lair of Beasts)

   Str+4:     It affects your strength (+4).
   Int+6:     It affects your intelligence (+6).
   rElec:     It insulates you from electricity.
   Will+:     It increases your willpower.
Missiles
 C - a throwing net
Armour
 a - a +4 plate armour (worn)
 b - a +0 buckler of reflection (worn)
 e - a +3 chain mail of cold resistance
 D - a scarf of resistance (worn)
 F - a +1 pair of gloves (worn)
 I - a +0 helmet (worn)
Jewellery
 l - a ring of positive energy
 q - a +4 ring of protection (left hand)
 s - an amulet of magic regeneration
 y - a ring of see invisible
 E - a +6 ring of intelligence
 S - the ring "Tatef" (right hand) {Fly rPois rF- rC+ MP+9}
   (You bought it in a shop on level 2 of the Orcish Mines)

   [ring of magical power]

   rF-:       It makes you vulnerable to fire.
   rC+:       It protects you from cold.
   rPois:     It protects you from poison.
   MP+9:      It affects your magic capacity (+9).
   Fly:       It grants you flight.
 T - a ring of protection from fire
 W - a ring of willpower
Wands
 k - a wand of polymorph (10) (quivered)
 K - a wand of warping (5)
 M - a wand of digging (12)
 O - a wand of light (3)
Scrolls
 c - 2 scrolls of brand weapon {unknown}
 f - 4 scrolls of teleportation
 h - a scroll of silence
 m - 5 scrolls of enchant weapon
 p - 3 scrolls of poison
 t - 5 scrolls of revelation
 u - 2 scrolls of vulnerability
 v - 3 scrolls of fear
 w - 2 scrolls of amnesia
 x - a scroll of noise
 H - 2 scrolls of fog
 J - 3 scrolls of immolation
 N - a scroll of butterflies
 R - 2 scrolls of torment {unknown}
 X - 2 scrolls of identify
Potions
 d - 3 potions of curing
 g - 4 potions of heal wounds
 i - 2 potions of brilliance
 n - 2 potions of enlightenment
 o - 4 potions of might
 r - 3 potions of degeneration
 z - 3 potions of mutation
 A - 2 potions of magic
 B - 2 potions of berserk rage
 G - a potion of resistance
 L - 4 potions of lignification
 P - a potion of attraction {unknown}
 U - 4 potions of haste {unknown}
 V - a potion of cancellation {unknown}
 Y - a potion of invisibility {unknown}


   Skills:
 - Level 14.0 Fighting
 - Level 14.0 Short Blades
 + Level 16.1 Armour
 - Level 5.0 Dodging
 - Level 3.0 Stealth
 - Level 8.0 Shields
 - Level 10.0 Evocations


You had 15 spell levels left.
You didn't know any spells.
Your spell library was empty.

Dungeon Overview and Level Annotations

Branches:
Dungeon (12/15)            Temple (0/1) D:6            Lair (5/5) D:10
 Shoals (0/4) Lair:3       Spider (4/4) Lair:3        Slime (0/5) Lair:5
    Orc (2/2) D:9             Elf (0/3) Orc:2        Bailey (visited)
  IceCv (visited)

Altars:
Dithmenos
Fedhas
Gozag
Kikubaaqudgha
Makhleb
Qazlal
Vehumet
Xom
The Shining One
Beogh
Jiyva

Shops:
Orc:2 =[=?

Portals:
Hell: Lair:5

Annotations:
D:5 1 runed translucent door, warriortoast's ghost, novice MiFi
D:7 1 runed translucent door, Crazy Yiuf


Innate Abilities, Weirdness & Mutations

You have razor-sharp teeth.
Your natural rate of healing is unusually fast.
When hurt, damage is shared between your health and your magic reserves.
Your bite disrupts and absorbs the magic of your enemies.
Potions cannot restore your health.
You are partially covered in iridescent scales. (AC +2)
You are dopey. (Int -2)


Message History

The culicivora draws strength from your injuries!
The culicivora bites you but does no damage.
The tarantella touches you but does no damage.
Your surroundings suddenly seem different. 2 spark wasps, 7 spiders and an emperor scorpion come into view.
Found eight items.
The jumping spider's many legs skitter faintly.
The culicivora's many legs skitter faintly.
The tarantella's many legs skitter faintly.
The spark wasp buzzes angrily.
The wolf spider's many legs skitter.
A jumping spider comes into view.
A redback comes into view.
A jumping spider comes into view.
A redback comes into view.
You feel you are being watched by something.
You feel your power leaking away.
The spark wasp stings you but does no damage.
A tarantella comes into view.
You feel you are being watched by something.
You feel your power leaking away.
Blink to where?
Press: ? - help, Dir - move target A culicivora and a torpor snail come into view.
As you read the scroll of blinking, it crumbles to dust.
The culicivora's many legs skitter faintly.
Okay, then.
As you read the scroll of teleportation, it crumbles to dust.
You feel strangely unstable. The emperor scorpion stings you!
* * * LOW HITPOINT WARNING * * *
The emperor scorpion claws you but does no damage.
The emperor scorpion misses you.
The jumping spider's many legs skitter faintly.
You hear a faint skittering sound.
The culicivora bites you but does no damage.
The jumping spider leaps!
The redback barely misses you.
The emperor scorpion stings you but does no damage.
The emperor scorpion claws you but does no damage. x2
The culicivora bites you!
* * * LOW HITPOINT WARNING * * *
The culicivora draws strength from your injuries!
The redback bites you!
You die...

.s.y...~##
.s.s.s{s^^#
.....s.ys.#
.......ss.^#
...^#./s...#
..^^#......s##
...
..^..^y^.## ^.
..#.....ss^#
#~..w.s@^#
#.....s.^#
#^.......#
##.......#
#~.....^#
#......^.
#^.......
#........#


You could see an emperor scorpion, 2 spark wasps, a torpor snail, a wolf spider,
3 culicivoras, 2 jumping spiders, a tarantella and 4 redbacks.

Vanquished Creatures
  2 emperor scorpions
  2 ghost moths
  An orc warlord (Orc:1)
  3 reapers (IceCv)
  5 broodmothers
  A dire elephant (Lair:5)
  Snorg (D:11)
  An ettin (Orc:2)
  Josephine (Orc:1)
  3 entropy weavers
  Harold (D:9)
  Erolcha (Orc:2)
  3 caustic shrike simulacra (IceCv)
  4 hydras
  A catoblepas (Lair:2)
  A jorogumo (Spider:1)
  2 ogre magi (Orc:2)
  5 boulder beetles
  5 death yaks (Lair:5)
  3 two-headed ogres
  5 demonic crawlers
  2 orc high priests
  A sun demon (Lair:5)
  A shock serpent (Spider:4)
  The ghost of Chimkentus the Jinx, a journeyman SpEn of Dithmenos (Lair:1)
  Nergalle (Orc:2)
  2 skysharks (Lair:5)
  3 pharaoh ants
  2 obsidian statues (IceCv)
  2 bog bodies (IceCv)
  5 orb spiders
  An arcanist (Lair:5)
  A spriggan simulacrum (IceCv)
  4 steelbarb worms
  An orc knight (Orc:2)
  10 wolf spiders
  12 orc sorcerers
  A shining eye (Spider:3)
  2 cyclopes
  5 moths of wrath
  An oklob plant (Lair:1)
  3 black mambas
  2 ugly things
  A manticore (D:11)
  2 kobold blastminers (Orc:1)
  15 cane toads
  10 elephants
  2 ice statues (Spider:2)
  6 torpor snails
  An orange demon (Lair:5)
  A gargoyle (D:8)
  Maggie (D:7)
  6 rime drakes
  2 unseen horrors
  9 komodo dragons
  5 freezing wraiths (IceCv)
  A golden dragon simulacrum (IceCv)
  2 ice devils (Lair:5)
  2 polar bears
  3 red devils (Lair:5)
  A hellwing (Lair:5)
  20 tarantellas
  3 trolls
  28 blink frogs
  17 jumping spiders
  11 culicivoras
  8 wyverns
  6 wraiths
  72 yaks
  2 basilisks (Lair:5)
  4 fire bats (Lair:1)
  3 steam dragons
  6 vampire mosquitoes
  29 redbacks
  3 wargs
  A minotaur simulacrum (IceCv)
  A harpy simulacrum (IceCv)
  12 water moccasins
  4 hydra simulacra (IceCv)
  25 orc warriors
  3 hell hounds (Lair:5)
  5 sky beasts
  2 black bears (D:10)
  10 ogres
  An ice beast (D:5)
  4 ettin simulacra (IceCv)
  7 centaurs
  14 wolves
  2 phantoms (D:5)
  8 kobold brigands
  10 bullfrogs
  A gnoll sergeant (D:7)
  6 scorpions
  4 wights (D:7)
  9 killer bees
  An electric eel (Spider:1)
  8 howler monkeys
  3 hounds
  7 orc priests
  A bombardier beetle (D:4)
  6 jellies
  A gnoll bouda (D:9)
  2 sleepcaps
  7 iguanas
  9 hell rats
  31 orc wizards
  10 adders
  10 gnolls
  4 river rats (Lair:2)
  A shadow imp (D:8)
  5 white imps
  3 dart slugs
  61 orcs
  5 ball pythons
  9 endoplasms
  7 giant cockroaches
  3 goblins (D:2)
  9 hobgoblins
  6 quokkas
  3 bats (D:3)
  4 frilled lizards
  29 kobolds
  12 rats
782 creatures vanquished.

Vanquished Creatures (others)
  A boulder beetle (Spider:3)
  2 orc wizards (Orc:2)
  2 orcs (Orc:2)
5 creatures vanquished.

Grand Total: 787 creatures vanquished

Notes
Turn   | Place    | Note
-------+----------+-------------------------------------------
     0 | D:1      | smashvw the Vine Stalker Berserker began the quest for the
                  | Orb.
     0 | D:1      | Reached XP level 1. HP: 11/11 MP: 2/2
   138 | D:1      | Reached XP level 2. HP: 16/16 MP: 3/3
   220 | D:1      | You fall into a shaft and drop 1 floor!
   630 | D:2      | Reached skill level 2 in Armour
   839 | D:2      | Reached XP level 3. HP: 20/20 MP: 4/4
  1130 | D:3      | Reached XP level 4. HP: 12/24 MP: 3/5
  1130 | D:3      | Reached ** piety under Trog
  1250 | D:3      | Found a faded altar of an unknown god.
  1325 | D:3      | Reached XP level 5. HP: 23/28 MP: 4/6
  2218 | D:4      | Reached skill level 3 in Armour
  2312 | D:4      | Reached XP level 6. HP: 33/33 MP: 7/7
  2517 | D:5      | Entered Level 5 of the Dungeon
  2550 | D:5      | Noticed a water moccasin
  2556 | D:5      | Killed a water moccasin
  2557 | D:5      | Reached XP level 7. HP: 38/38 MP: 8/8
  2565 | D:5      | Found a shadowy altar of Dithmenos.
  3018 | D:5      | Reached skill level 5 in Fighting
  3018 | D:5      | Reached skill level 4 in Armour
  3108 | D:5      | Found a runed translucent door.
  3209 | D:5      | Noticed warriortoast's ghost (novice MiFi)
  3485 | D:6      | Reached skill level 5 in Short Blades
  3497 | D:6      | Reached *** piety under Trog
  3665 | D:6      | Gained mutation: You have razor-sharp teeth. [Vine Stalker
                  | growth]
  3665 | D:6      | Reached XP level 8. HP: 43/43 MP: 9/9
  3821 | D:6      | Found a staircase to the Ecumenical Temple.
  4394 | D:7      | Reached skill level 5 in Armour
  4640 | D:7      | Reached XP level 9. HP: 29/49 MP: 10/10
  4648 | D:7      | Noticed Maggie
  4727 | D:7      | Killed Maggie
  4892 | D:7      | Reached **** piety under Trog
  4895 | D:7      | Reached skill level 6 in Armour
  5127 | D:7      | Found a runed translucent door.
  5128 | D:7      | Noticed Crazy Yiuf
  5487 | D:8      | Noticed a gargoyle
  5509 | D:8      | Killed a gargoyle
  5510 | D:8      | Reached skill level 7 in Armour
  5510 | D:8      | Reached XP level 10. HP: 56/56 MP: 7/11
  5543 | D:8      | Found a stormy altar of Qazlal.
  5670 | D:8      | Found a flagged portal.
  5679 | Bailey   | Entered a bailey
  5864 | Bailey   | Found a burning altar of Makhleb.
  5956 | D:8      | Found a blossoming altar of Fedhas.
  6419 | D:9      | Reached skill level 1 in Shields
  6496 | D:9      | Found a staircase to the Orcish Mines.
  6523 | D:9      | Reached ***** piety under Trog
  6658 | D:9      | Noticed Harold
  6667 | D:9      | Killed Harold
  6802 | D:9      | Reached XP level 11. HP: 57/62 MP: 10/12
  6813 | D:9      | Reached skill level 8 in Armour
  6852 | D:9      | Found a shimmering altar of Xom.
  6852 | D:9      | Found a shimmering altar of Xom.
  6852 | D:9      | Found a shimmering altar of Xom.
  6853 | D:9      | Found a shimmering altar of Xom.
  6857 | D:9      | Found a shimmering altar of Xom.
  6857 | D:9      | Found a shimmering altar of Xom.
  6860 | D:9      | Found a shimmering altar of Xom.
  7210 | D:10     | Entered Level 10 of the Dungeon
  7238 | D:10     | Found a glowing golden altar of the Shining One.
  7375 | D:10     | Found an opulent altar of Gozag.
  7395 | D:10     | Found a staircase to the Lair.
  7601 | D:10     | Noticed a two-headed ogre
  7609 | D:10     | Killed a two-headed ogre
  8195 | D:10     | Noticed a two-headed ogre
  8202 | D:10     | Killed a two-headed ogre
  8388 | D:11     | Noticed a manticore
  8389 | D:11     | Noticed a green ugly thing
  8403 | D:11     | Killed a green ugly thing
  8404 | D:11     | Reached skill level 10 in Fighting
  8404 | D:11     | Reached skill level 9 in Armour
  8404 | D:11     | Reached skill level 5 in Shields
  8412 | D:11     | Killed a manticore
  8413 | D:11     | Reached skill level 10 in Short Blades
  8579 | D:11     | Noticed a cyclops
  8586 | D:11     | Killed a cyclops
  8587 | D:11     | Reached XP level 12. HP: 67/67 MP: 13/13
  8646 | D:11     | Noticed a two-headed ogre
  8690 | D:11     | Killed a two-headed ogre
  8986 | D:11     | Noticed Snorg
  9006 | D:11     | Killed Snorg
  9007 | D:11     | Reached skill level 10 in Armour
  9381 | D:12     | Reached skill level 1 in Evocations
  9711 | Lair:1   | Entered Level 1 of the Lair of Beasts
 10017 | Lair:1   | Found a runed translucent gate.
 10018 | Lair:1   | Found a runed translucent gate.
 10019 | Lair:1   | Found a runed translucent gate.
 10079 | Lair:1   | Noticed Chimkentus's ghost (journeyman SpEn)
 10079 | Lair:1   | Noticed a 12-headed hydra
 11024 | Lair:2   | Noticed a catoblepas
 11065 | Lair:2   | Killed a catoblepas
 11066 | Lair:2   | Reached XP level 13. HP: 47/74 MP: 12/14
 11311 | Lair:2   | Reached skill level 5 in Evocations
 11566 | Lair:2   | HP: 3/74 [poisoned by a cane toad]
 12005 | Lair:2   | Identified a scroll of acquirement
 12006 | Lair:2   | Acquired the +6 quick blade of Youthful Indiscretion {holy,
                  | rElec Will+ Str+4 Int+6}
 12039 | Lair:3   | Found a hole to the Spider Nest.
 12145 | Lair:3   | Reached ****** piety under Trog
 12332 | Lair:3   | Found a staircase to the Shoals.
 13755 | Lair:5   | Entered Level 5 of the Lair of Beasts
 13775 | Lair:5   | Received a gift from Trog
 13789 | Lair:5   | Reached XP level 14. HP: 56/81 MP: 11/15
 14056 | Lair:5   | Found a staircase to the Slime Pits.
 14056 | Lair:5   | Found a viscous altar of Jiyva.
 14085 | Lair:5   | HP: 5/121 [komodo dragon (15)]
 14395 | Lair:5   | Received a gift from Trog
 14534 | Lair:5   | Noticed a dire elephant
 14543 | Lair:5   | Killed a dire elephant
 14666 | Lair:5   | Acquired a manual of Shields
 14894 | Lair:5   | Reached skill level 1 in Stealth
 14924 | Lair:5   | Found a burning altar of Makhleb.
 15313 | Lair:5   | Found a gateway to Hell.
 15604 | Orc:1    | Entered Level 1 of the Orcish Mines
 15893 | Orc:1    | Noticed Josephine
 15907 | Orc:1    | Killed Josephine
 15907 | Orc:1    | Received a gift from Trog
 15968 | Orc:2    | Entered Level 2 of the Orcish Mines
 15968 | Orc:2    | Found a staircase to the Elven Halls.
 15976 | Orc:1    | Reached XP level 15. HP: 71/86 MP: 13/16
 16078 | Orc:2    | Found a roughly hewn altar of Beogh.
 16083 | Orc:2    | Noticed an orc warlord
 16241 | Orc:1    | Killed an orc warlord
 16506 | Orc:2    | Received a gift from Trog
 16788 | Orc:2    | Found Daumuzy's Magic Scroll Shoppe.
 16795 | Orc:2    | Bought a scroll of acquirement for 676 gold pieces
 16795 | Orc:2    | Bought a scroll of teleportation for 39 gold pieces
 16795 | Orc:2    | Bought a scroll of identify for 26 gold pieces
 16795 | Orc:2    | Bought a scroll of identify for 26 gold pieces
 16795 | Orc:2    | Bought a scroll of identify for 26 gold pieces
 16795 | Orc:2    | Bought a scroll of identify for 26 gold pieces
 16795 | Orc:2    | Bought a scroll of identify for 26 gold pieces
 16795 | Orc:2    | Bought a scroll of revelation for 97 gold pieces
 16795 | Orc:2    | Acquired a manual of Armour
 16810 | Orc:2    | Found a radiant altar of Vehumet.
 16810 | Orc:2    | Noticed Erolcha
 16819 | Orc:2    | Killed Erolcha
 16859 | Orc:2    | Noticed Nergalle
 16876 | Orc:2    | Killed Nergalle
 16877 | Orc:2    | Reached skill level 10 in Evocations
 16885 | Orc:2    | Found an ancient bone altar of Kikubaaqudgha.
 16895 | Orc:2    | Found Jyvvian's Jewellery Emporium.
 16895 | Orc:2    | Found a roughly hewn altar of Beogh.
 16915 | Orc:2    | Found Qyediuv's Jewellery Shoppe.
 16931 | Orc:2    | Found Qonop's Antique Armour Shoppe.
 17324 | Lair:1   | Killed Chimkentus's ghost
 17324 | Lair:1   | Received a gift from Trog
 17415 | Spider:1 | Entered Level 1 of the Spider Nest
 17657 | Orc:2    | Bought the ring "Tatef" {Fly rPois rF- rC+ MP+9} for 366
                  | gold pieces
 18519 | Spider:1 | Gained mutation: You are dopey. (Int -2) [potion of
                  | mutation]
 18519 | Spider:1 | Gained mutation: You are partially covered in iridescent
                  | scales. (AC +2) [potion of mutation]
 18528 | Spider:1 | Reached skill level 5 in Dodging
 19114 | Spider:2 | Reached skill level 11 in Armour
 19186 | Spider:2 | Found a glacial archway.
 19222 | IceCv    | Entered an ice cave
 19335 | IceCv    | Reached XP level 16. HP: 93/93 MP: 17/17
 19378 | IceCv    | Reached skill level 12 in Armour
 19716 | IceCv    | Reached skill level 13 in Armour
 20033 | Spider:2 | Reached skill level 14 in Armour
 20115 | Spider:2 | Received a gift from Trog
 21302 | Spider:3 | Reached skill level 15 in Armour
 22189 | Spider:4 | Entered Level 4 of the Spider Nest
 22408 | Spider:4 | Received a gift from Trog
 22409 | Spider:4 | Reached skill level 16 in Armour
 22497 | Spider:4 | HP: 4/93 [culicivora (11)]
 22497 | Spider:4 | Slain by a redback

Illustrated notes

Levels and vault maps discovered:
D:1:      dpeg_arrival_rooms_a, layout_basic, chequers_serial_rivers_micro_b,
          minivault_11, minmay_3d_cube
D:2:      cheibrodos_old_hovel, layout_basic, minmay_close_crescents
D:3:      layout_rooms, basic_ecumenical_altar, chequers_big_river,
          minmay_pentomino_pile
D:4:      layout_rooms, minmay_starry_boxes
D:5:      layout_layer_cave, mainiacjoe_overflow_brackets, ebering_ghost_sewer_d
D:6:      layout_basic, minmay_temple_entry_glass
D:7:      layout_gridville, uniq_maggie, uniq_crazy_yiuf_cottage
D:8:      layout_cave_pools, grunt_temple_overflow_forces_of_nature,
          enter_bailey_6, serial_park, serial_park_square1
          [serial_park_minivault_5x5_8], serial_park_square3
          [serial_park_minivault_5x5_8], serial_park_tiny_2,
          serial_park_avenue1, serial_park_tiny_1
D:9:      layout_irregular_city, nicolae_xom_altar_mimics, orc_0_dummy,
          serial_bayou_crossing, uniq_harold
D:10:     layout_stronghold, kennysheep_mini_moat, amcnicky_altar_gilded,
          david_lair_generic, st_stairs_14
D:11:     layout_roguey, uniq_snorg
D:12:     layout_roguey, serial_shops, nicolae_book_shop_shelving,
          nicolae_shop_behind_doors, nicolae_shop_advertising_works
          [nicolae_subvault_shop_adworks], special_room [special_room_orc],
          nicolae_sif_muna_condensation
Lair:1:   layout_cave_pods, gammafunk_ghost_hydra_chop, minmay_lair_oklob_items,
          amcnicky_mini_pool_medium, lemuel_fruit_tree
Lair:2:   layout_chaotic_city, kennysheep_abandoned_house
Lair:3:   layout_regular_city, elwin_shoals_entry_rocks,
          nicolae_spider_entry_non_spiders, st_stairs_4
Lair:4:   layout_regular_city
Lair:5:   evil_forest, layout_regular_city, nicolae_slime_entry_slimehenge
Spider:1: layout_spider_delve
Spider:2: layout_chambers, portal_ice_cave_entry_ice_statue_two
Spider:3: layout_cave_pods, einodemon_crawler_minivault
Spider:4: grunt_spider_rune_parallel
Orc:1:    layout_diamond_mine, uniq_josephine
Orc:2:    kennysheep_orc_mage_school, layout_caves, basic_altar

Skill      XL: |  1  2  3  4  5  6  7  8  9 10 11 12 13 14 15 16 |
---------------+-------------------------------------------------+-----
Short Blades   | 3 4 5 6 7 9 10 11 12 13 14 | 14.0
Fighting       | 3 4 5 6 8 9 10 11 12 13 14 | 14.0
Armour         | 2 3 4 5 7 9 10 11 16 | 16.1
Shields        | 2 5 8 |  8.0
Evocations     | 4 7 9 10 | 10.0
Stealth        | 3 |  3.0
Dodging        | 5 |  5.0

Action                     |  1- 3 |  4- 6 |  7- 9 | 10-12 | 13-15 | 16-18 || total
---------------------------+-------+-------+-------+-------+-------+-------++-------
  Melee: Dagger            |    63 |   128 |   344 |   828 |   171 |       ||  1534
         Bite              |    19 |    35 |   142 |   364 |  1074 |   508 ||  2142
         Short sword       |     3 |       |       |       |       |       ||     3
         Quick blade       |       |       |       |       |  2015 |   917 ||  2932
 Invoke: Berserk           |       |     1 |     6 |    15 |    14 |     4 ||    40
  Evoke: Wand              |       |       |     1 |     2 |    10 |     7 ||    20
    Use: Scroll            |       |       |     6 |     2 |    20 |     3 ||    31
         Potion            |       |       |       |     2 |     8 |     1 ||    11
   Stab: Sleeping          |     2 |       |       |       |       |       ||     2
 Armour: Animal skin       |    19 |       |       |       |       |       ||    19
         Chain mail        |    17 |    77 |   295 |   540 |   979 |    49 ||  1957
         Plate armour      |       |       |       |       |       |   367 ||   367
  Dodge: Dodged            |    27 |    39 |   125 |   238 |   406 |   143 ||   978
  Block: Buckler           |       |       |       |   129 |   309 |   118 ||   556
         Reflection        |       |       |       |     6 |     4 |       ||    10

Table legend: (Time is in decaauts)
 A = Elapsed time spent in this place.
 B = Non-inter-level travel time spent in this place.
 C = Inter-level travel time spent in this place.
 D = Time resting spent in this place.
 E = Time spent auto-exploring this place.
 F = Levels seen in this place.
 G = Mean time per level.
                   A        B        C        D        E       F      G
               +--------+--------+--------+--------+--------+-----+--------+
         Total |  21630 |  20136 |   1494 |   2382 |  13531 |  25 |  865.2 |
       Dungeon |   9478 |   8869 |    609 |   1004 |   6216 |  12 |  789.8 |
          Lair |   5886 |   5525 |    361 |    623 |   3847 |   5 | 1177.2 |
   Spider Nest |   3744 |   3478 |    266 |    446 |   2179 |   4 |  936.0 |
  Orcish Mines |   1682 |   1425 |    257 |    246 |    779 |   2 |  841.0 |
        Bailey |    280 |    280 |      0 |     62 |    102 |   1 |  280.0 |
      Ice Cave |    558 |    558 |      0 |      0 |    406 |   1 |  558.0 |
               +--------+--------+--------+--------+--------+-----+--------+

Top non-repeatable levels by time:
  Lair:5: 1592 daAuts
Spider:2: 1519 daAuts
  Lair:1: 1279 daAuts
    D:10: 1215 daAuts
  Lair:2: 1110 daAuts
     D:7: 1084 daAuts
Spider:1: 1045 daAuts
    D:11: 1044 daAuts
  Lair:3: 1032 daAuts
     D:9: 1007 daAuts
   Orc:2: 999 daAuts
     D:5: 966 daAuts
Spider:3: 924 daAuts
     D:3: 875 daAuts
  Lair:4: 871 daAuts
